 Dungeon Crawl Stone Soup version 0.28-a0-938-gbc3f381ebc (webtiles) character file.

Game seed: 10916518708519414577

50 croobank the Chopper (level 4, 0/35 HPs)
             Began as a Human Monk on Nov 28, 2021.
             Was a Believer of Okawaru.
             Slain by a sky beast (6 damage)
             ... on level 3 of the Dungeon.
             The game lasted 00:07:06 (2295 turns).

croobank the Chopper (Human Monk)                   Turns: 2295, Time: 00:07:07

Health: 0/35       AC:  5    Str: 12    XL:     4   Next: 4%
Magic:  12/13      EV: 13    Int: 10    God:    Okawaru [**....]
Gold:   72         SH:  0    Dex: 16    Spells: 3/3 levels left

rFire   + . .      SeeInvis .   l - +1 war axe
rCold   . . .      Faith    .   (no shield)
rNeg    . . .      Spirit   .   b - +0 robe
rPois   .          Reflect  .   i - +2 helmet
rElec   .          Harm     .   (no cloak)
rCorr   .          Rampage  .   (no gloves)
Will    .....                   (no boots)
Stlth   ++........              (no amulet)
HPRegen 0.11/turn               j - ring of magical power
MPRegen 0.13/turn               g - ring of protection from fire

@: no status effects
A: no striking features
a: Renounce Religion, Heroism


You were on level 3 of the Dungeon.
You worshipped Okawaru.
Okawaru was pleased with you.
You visited 1 branch of the dungeon, and saw 3 of its levels.

You collected 72 gold pieces.

Inventory:

Hand Weapons
 a - a +0 hand axe
 d - a +0 dagger
 l - a +1 war axe (weapon)
Missiles
 e - 5 stones
 f - 6 javelins (quivered)
 h - 2 boomerangs
 n - 5 silver javelins
Armour
 b - a +0 robe (worn)
 c - a +0 leather armour
 i - a +2 helmet (worn)
 m - a +0 ring mail
Jewellery
 g - a ring of protection from fire (right hand)
 j - a ring of magical power (left hand)
Potions
 k - a potion of attraction {unknown}


   Skills:
 - Level 3.5 Fighting
 + Level 3.7 Axes
 - Level 3.3 Dodging
 - Level 2.2 Stealth


You had 3 spell levels left.
You didn't know any spells.
Your spell library contained the following spells:

 Spells                   Type           Power      Damage    Failure   Level
 Corpse Rot               Necr/Air       0%         N/A       50%         2
 Poisonous Vapours        Pois/Air       0%         N/A       50%         2
 Static Discharge         Conj/Air       0%         N/A       50%         2
 Dispel Undead            Necr           0%         3d6       98%         4
 Sticky Flame             Conj/Fire      0%         2d3       98%         4


Dungeon Overview and Level Annotations

Branches:
Dungeon (3/15)

Altars:
Okawaru
Yredelemnul


Message History

The sky beast is lightly wounded.
The sky beast completely misses you.
You closely miss the sky beast.
The sky beast is lightly wounded.
The sky beast flickers out of sight!
Deactivating autopickup; reactivate with Ctrl-A.
Something hits you but does no damage.
You closely miss something. Something hits you. Something shocks you.
Something hits you but does no damage.
You closely miss something. Something hits you. Something shocks you.
You gain the combat prowess of a mighty hero.
Something completely misses you.
You hit something but do no damage. Something hits you but does no damage.
You slash something! Something barely misses you.
You closely miss something.
A sky beast appears from thin air!
Reactivating autopickup.
The sky beast misses you.
You barely miss the sky beast.
The sky beast is moderately wounded.
The sky beast completely misses you.
You closely miss the sky beast.
The sky beast is moderately wounded.
The sky beast hits you. The sky beast shocks you.
* * * LOW HITPOINT WARNING * * *
You hit the sky beast.
The sky beast is heavily wounded.
The sky beast misses you.
You closely miss the sky beast.
The sky beast is heavily wounded.
The sky beast flickers out of sight!
Deactivating autopickup; reactivate with Ctrl-A.
Something barely misses you.
You hit something. Something barely misses you.
A goblin comes into view.
It is wielding a +0 club and quivering poisoned darts.
You closely miss something.
You feel like a meek peon again. Something hits you.
* * * LOW HITPOINT WARNING * * *
Something shocks you.
You die...

#.##....###.# ##...##
#.#......##.# #..#...
#.#....#.##.# #.#..##
#......#..#.###
##....#
....##.###.....#
##....## ###. #.#
##.##.###...##### #.
#.# ##.##............
#.###.....##.........
#..{@.#######........
#..#.................
#..
....#####.#..###..
.g.
..##.....#.##.###.#
... ...
####.#.##...... ..
.... #.#.##..#... .
..... #.#.##......
..>... #.<.##..#...
#...........


You could see a goblin (wandering).

Vanquished Creatures
  An adder (D:2)
  A worm (D:2)
  2 dart slugs (D:1)
  2 ball pythons (D:2)
  4 bats (D:1)
  4 endoplasms
  2 giant cockroaches (D:2)
  3 goblins
  4 hobgoblins
  2 frilled lizards
  2 kobolds (D:1)
  6 rats
33 creatures vanquished.

Notes
Turn   | Place    | Note
-------+----------+-------------------------------------------
     0 | D:1      | croobank the Human Monk began the quest for the Orb.
     0 | D:1      | Reached XP level 1. HP: 18/18 MP: 1/1
   449 | D:1      | Reached XP level 2. HP: 17/24 MP: 2/2
   772 | D:1      | Found a faded altar of an unknown god.
   783 | D:1      | Prayed at the altar of an unknown god.
   783 | D:1      | Became a worshipper of Warmaster Okawaru
   783 | D:1      | Reached * piety under Okawaru
   783 | D:1      | Reached ** piety under Okawaru
  1307 | D:1      | Reached XP level 3. HP: 28/29 MP: 3/3
  2174 | D:3      | Found a basalt altar of Yredelemnul.
  2229 | D:3      | Reached XP level 4. HP: 35/35 MP: 4/4
  2272 | D:3      | Noticed a sky beast
  2295 | D:3      | Slain by a sky beast

Illustrated notes

Levels and vault maps discovered:
D:1:      tarquinn_simple_flora_water_b, layout_basic,
          ebering_ecumenical_altar_box
D:2:      layout_basic, eino_tiny_chamber, chequers_arboretum,
          minmay_tetromino_s4
D:3:      layout_rooms, mainiacjoe_overflow_large_starburst,
          wad_floor_pattern_2, minmay_box_of_dots

Action                   |  1- 3 |  4- 6 || total
-------------------------+-------+-------++-------
Melee: Hand axe          |    95 |       ||    95
       War axe           |     6 |    19 ||    25
Invok: Heroism           |       |     1 ||     1
  Use: Scroll            |     3 |       ||     3
 Stab: Sleeping          |     4 |       ||     4
       Distracted        |     1 |       ||     1
Armor: Robe              |    19 |     4 ||    23
Dodge: Dodged            |    76 |    13 ||    89

Table legend: (Time is in decaauts)
 A = Elapsed time spent in this place.
 B = Non-inter-level travel time spent in this place.
 C = Inter-level travel time spent in this place.
 D = Time resting spent in this place.
 E = Time spent auto-exploring this place.
 F = Levels seen in this place.
 G = Mean time per level.
                   A        B        C        D        E       F      G
               +--------+--------+--------+--------+--------+-----+--------+
         Total |   2311 |   2207 |    104 |    129 |   1657 |   3 |  770.3 |
       Dungeon |   2311 |   2207 |    104 |    129 |   1657 |   3 |  770.3 |
               +--------+--------+--------+--------+--------+-----+--------+

Top non-repeatable levels by time:
     D:1: 1622 daAuts
     D:2: 559 daAuts
     D:3: 128 daAuts
